 Dungeon Crawl Stone Soup version 0.30-a0-1018-g25214051b3 (webtiles) character file.

Game seed: 2915725624464376251

643 MengasLaw the Covered (level 7, -9/60 HPs)
             Began as a Minotaur Fighter on Apr 7, 2023.
             Killed from afar by an electric eel (14 damage)
             ... with a bolt of electricity
             ... on level 5 of the Dungeon.
             The game lasted 00:42:12 (3865 turns).

MengasLaw the Covered (Minotaur Fighter)            Turns: 3865, Time: 00:42:13

Health: -9/60      AC: 11    Str: 23    XL:     7   Next: 26%
Magic:  0/6        EV: 13    Int:  5    God:
Gold:   263        SH:  4    Dex:  9    Spells: 6/6 levels left

rFire   . . .      SeeInvis .    a - +1 long sword
rCold   . . .      Faith    .    c - +0 buckler
rNeg    . . .      Spirit   +    i - +0 chain mail
rPois   .          Reflect  .    (helmet restricted)
rElec   .          Rampage  .    (no cloak)
rCorr   +                        (no gloves)
Will    .....                    k - +0 pair of boots Stlth
                                 o - amulet of guardian spirit
HPRegen 0.30/turn                g - ring of resist corrosion
MPRegen 0.10/turn                d - +5 ring of evasion

@: no status effects
A: horns 2, retaliatory headbutt
a: no special abilities


You were on level 5 of the Dungeon.
You visited 1 branch of the dungeon, and saw 5 of its levels.

You collected 263 gold pieces.

Inventory:

Hand Weapons
 a - a +1 long sword (weapon)
 f - a +2 dagger of electrocution
 h - a +2 dagger of protection
 s - a +0 dagger of draining
 z - a +3 dagger
 A - a +1 whip of venom
Missiles
 y - 7 stones (quivered)
Armour
 b - a +0 scale mail
 c - a +0 buckler (worn)
 i - a +0 chain mail (worn)
 k - a +0 pair of boots (worn)
 l - a +0 ring mail
Jewellery
 d - a +5 ring of evasion (right hand)
 g - a ring of resist corrosion (left hand)
 o - an amulet of guardian spirit (around neck)
 v - a ring of protection from cold
Scrolls
 e - 2 scrolls of noise
 j - 2 scrolls of teleportation {unknown}
 m - 3 scrolls of identify
 n - 2 scrolls of immolation {unknown}
 r - a scroll of enchant armour {unknown}
Potions
 p - a potion of curing
 q - a potion of brilliance
 t - a potion of mutation {unknown}
 x - a potion of lignification {unknown}


   Skills:
 + Level 4.8 Fighting
 + Level 6.0 Long Blades
 + Level 6.4 Armour
 + Level 2.0 Dodging
 + Level 0.6 Stealth
 + Level 4.9 Shields


You had 6 spell levels left.
You didn't know any spells.
Your spell library contained the following spells:

 Spells                   Type           Power      Damage    Failure   Level
 Ensorcelled Hibernation  Hex/Ice        0%         N/A       99%         2
 Spider Form              Tmut/Pois      0%         N/A       100%        3
 Anguish                  Hex/Necr       0%         N/A       100%        4
 Petrify                  Tmut/Erth      0%         N/A       100%        4
 Metabolic Englaciation   Hex/Ice        0%         N/A       100%        5
 Statue Form              Tmut/Erth      0%         N/A       100%        6


Dungeon Overview and Level Annotations

Branches:
Dungeon (5/15)
 Temple: D:4-7

Altars:
Elyvilon

Shops:
D:2 (   D:4 ?


Innate Abilities, Weirdness & Mutations

You have a pair of horns on your head.
You reflexively headbutt those who attack you in melee.


Message History

You open the door. The yak attacks as you move away!
The yak gores you but does no damage.
The electric eel shoots out a bolt of lightning at you!
The bolt of electricity hits the plant!
The plant begins to die.
The bolt of electricity hits the plant!
The plant begins to die.
The bolt of electricity misses you.
There is an open door here.
The electric eel shoots out a bolt of lightning at you!
The bolt of electricity hits the plant!
The bolt of electricity hits you!
The electric eel shoots out a bolt of lightning at you!
The bolt of electricity hits the plant.
The bolt of electricity hits you.
The electric eel shoots out a bolt of lightning at you!
The bolt of electricity hits the plant!!
The bolt of electricity hits you!
You barely miss the yak. You headbutt the yak.
The yak is lightly wounded.
The electric eel shoots out a bolt of lightning at you!
The bolt of electricity hits you! The bolt of electricity misses you.
The yak barely misses you.
You slash the yak!
The yak is moderately wounded.
The electric eel shoots out a bolt of lightning at you!
The bolt of electricity hits you! x2
* * * LOW HITPOINT WARNING * * *
The electric eel shoots out a bolt of lightning at you!
The bolt of electricity hits the plant!
The plant begins to die.
The bolt of electricity misses you. The yak gores you.
* * * LOW HITPOINT WARNING * * *
You hit the yak.
The yak is moderately wounded.
A nearby plant withers and dies. x2
The electric eel shoots out a bolt of lightning at you!
The bolt of electricity hits you.
* * * LOW HITPOINT WARNING * * *
The bolt of electricity hits you.
* * * LOW HITPOINT WARNING * * *
The yak misses you.
The electric eel shoots out a bolt of lightning at you!
The bolt of electricity hits you!
You die...

..........##..## #.....# #.####
..........###..###.....#####.#
....####'## ##..##.....#...#.#
....# #.# ##.....##.#...#.#
#'#.####.# #####..#.#...#.#
..#......# #######....#...#.#
#############..~~~##..##...#.####
#~..####.##..'...'.....
#...~~##'Y@##.#.##...#.###. ###
#..#####.....#.#.##...#.#.#. ..#
# #.....#.#.##...#.#.#. ..#
#P~..~#.#.######...#. ..#
#.....#$.~P)#†#.# #....).#.
..#####P~.P.#.S..S#~#.###......).
..'...#?.P~~#≈≈$S≈#~#.#.'.....)#.
..###.#~$(!.##≈≈≈##~#.#.#......#.
..# #.#≈≈.≈≈######~##.#.#........


You could see a yak and 3 electric eels.

Vanquished Creatures
  A phantom (D:5)
  2 scorpions (D:5)
  A jelly (D:5)
  A howler monkey (D:5)
  3 hounds (D:4)
  2 iguanas (D:5)
  3 orc wizards (D:5)
  A sleepcap (D:5)
  8 adders
  An ufetubus (D:5)
  2 worms
  3 dart slugs
  8 orcs
  4 ball pythons
  5 bats
  5 endoplasms
  3 giant cockroaches
  5 goblins
  5 hobgoblins
  4 jackals (D:5)
  5 quokkas
  9 frilled lizards
  6 kobolds
  3 rats
90 creatures vanquished.

Vanquished Creatures (others)
  A quokka (D:5)
  2 plants (D:5)
3 creatures vanquished.

Grand Total: 93 creatures vanquished

Notes
Turn   | Place    | Note
-------+----------+-------------------------------------------
     0 | D:1      | MengasLaw the Minotaur Fighter began the quest for the Orb.
     0 | D:1      | Reached XP level 1. HP: 19/19 MP: 0/0
   200 | D:1      | Reached XP level 2. HP: 26/27 MP: 1/1
   777 | D:2      | Reached XP level 3. HP: 17/33 MP: 2/2
   861 | D:2      | Found Guqump's Antique Weapon Emporium.
  1592 | D:3      | Reached XP level 4. HP: 38/40 MP: 3/3
  2334 | D:4      | Reached skill level 1 in Dodging
  2334 | D:4      | Reached XP level 5. HP: 44/46 MP: 4/4
  2422 | D:4      | Found Siogia's Magic Scroll Emporium.
  2583 | D:4      | Reached skill level 5 in Armour
  2928 | D:5      | Entered Level 5 of the Dungeon
  2935 | D:5      | Found a white marble altar of Elyvilon.
  3036 | D:5      | Reached XP level 6. HP: 38/52 MP: 3/5
  3097 | D:5      | Reached skill level 5 in Long Blades
  3505 | D:5      | Reached XP level 7. HP: 56/60 MP: 3/6
  3854 | D:5      | Noticed a yak
  3865 | D:5      | Killed from afar by an electric eel

Illustrated notes

Levels and vault maps discovered:
D:1:      lemuel_arrival_rhombus, layout_basic, chequers_arboretum
D:2:      layout_basic, serial_shops, nicolae_square_shop,
          kennysheep_generic_room_11
D:3:      layout_basic, serial_curves, eino_curves_02, eino_curves_04,
          eino_curves_02, eino_curves_03, minmay_misc_feat_tiny
D:4:      layout_gridville, serial_shops, shop
D:5:      cheibrodos_two_vegetables, layout_basic, elyvilon_altar_4,
          uniq_eustachio

Skill      XL: |  1  2  3  4  5  6  7 |
---------------+----------------------+-----
Shields        | 4 |  4.9
Armour         | 4 5 6 |  6.4
Fighting       | 4 |  4.8
Long Blades    | 3 4 5 6 |  6.0
Dodging        | 1 2 |  2.0
Stealth        | |  0.6

Action                     |  1- 3 |  4- 6 |  7- 9 || total
---------------------------+-------+-------+-------++-------
  Melee: Long sword        |   113 |   185 |    25 ||   323
         Headbutt          |    13 |    19 |     2 ||    34
    Use: Scroll            |     2 |     5 |       ||     7
         Potion            |       |     3 |       ||     3
 Armour: Scale mail        |    28 |       |       ||    28
         Chain mail        |    47 |   171 |     6 ||   224
  Dodge: Dodged            |    60 |    87 |    15 ||   162
  Block: Buckler           |    31 |    32 |     5 ||    68

Table legend: (Time is in decaauts)
 A = Elapsed time spent in this place.
 B = Non-inter-level travel time spent in this place.
 C = Inter-level travel time spent in this place.
 D = Time resting spent in this place.
 E = Time spent auto-exploring this place.
 F = Levels seen in this place.
 G = Mean time per level.
                   A        B        C        D        E       F      G
               +--------+--------+--------+--------+--------+-----+--------+
         Total |   3952 |    964 |   2988 |      5 |      0 |   5 |  790.4 |
       Dungeon |   3952 |    964 |   2988 |      5 |      0 |   5 |  790.4 |
               +--------+--------+--------+--------+--------+-----+--------+

Top non-repeatable levels by time:
     D:5: 966 daAuts
     D:4: 845 daAuts
     D:1: 836 daAuts
     D:2: 662 daAuts
     D:3: 643 daAuts
